 Dungeon Crawl Stone Soup version 0.31-a0-200-gbc41564c69 (webtiles) character file.

Game seed: 5393645553097389705

133 qw the Skirmisher (level 4, -2/25 HPs)
             Began as a Deep Elf Hunter on June 25, 2023.
             Slain by a goblin
             ... wielding a +0 dagger
             ... led by Robin
              (4 damage)
             ... on level 3 of the Dungeon.
             The game lasted 00:00:46 (2089 turns).

qw the Skirmisher (Deep Elf Hunter)                 Turns: 2089, Time: 00:00:47

Health: -2/25      AC:  5    Str: 10    XL:     4   Next: 94%
Magic:  0/6        EV: 11    Int: 14    God:
Gold:   97         SH:  0    Dex: 18    Spells: 3/3 levels left

rFire   . . .        Y - +0 shortbow
rCold   . . .        (shield currently unavailable)
rNeg    . . .        h - +0 ring mail
rPois   .            (no helmet)
rElec   .            (no cloak)
rCorr   .            (no gloves)
SInv    .            (no boots)
Will    .....        a - amulet of guardian spirit
Stlth   +            (no ring)
HPRegen 0.24/turn    (no ring)
MPRegen 0.10/turn

%: guardian spirit
@: about to teleport
A: no striking features
a: no special abilities


You were on level 3 of the Dungeon.
You visited 1 branch of the dungeon, and saw 4 of its levels.

You collected 97 gold pieces.


   Skills:
 - Level 1.5 Fighting
 + Level 8.3 Ranged Weapons
 - Level 2.4 Dodging
 - Level 1.2 Stealth


You had 3 spell levels left.
You didn't know any spells.
Your spell library was empty.

Inventory:

Hand Weapons
 Y - a +0 shortbow (weapon)
Armour
 h - a +0 ring mail (worn)
Jewellery
 a - an amulet of guardian spirit (around neck)
 g - a ring of resist corrosion
Scrolls
 e - a scroll of immolation {unknown}
 f - a scroll of identify
Potions
 c - a potion of resistance {unknown}
 d - a potion of invisibility {unknown}
 j - a potion of ambrosia {unknown}
 k - a potion of cancellation {unknown}

Dungeon Overview and Level Annotations

Branches:
Dungeon (4/15)
 Temple: D:4-7

Altars:

Annotations:
D:3 Robin


Message History

You shoot an arrow. The arrow hits the hobgoblin.
The hobgoblin is almost dead.
The goblin hits you but does no damage. The hobgoblin closely misses you.
The goblin closely misses you. The goblin hits you with a +0 club.
The goblin hits you but does no damage. x2
You shoot an arrow.
The arrow hits the hobgoblin but does no damage.
The hobgoblin is almost dead.
The goblin hits you but does no damage. The goblin closely misses you.
The hobgoblin barely misses you. The goblin misses you.
The hobgoblin closely misses you.
You shoot an arrow. The arrow closely misses the hobgoblin.
The hobgoblin hits you but does no damage.
The goblin hits you but does no damage. x2; The goblin barely misses you.
The hobgoblin closely misses you.
You shoot an arrow. The arrow closely misses the hobgoblin.
The hobgoblin no longer looks unusually strong.
Robin roars a battlecry!
The hobgoblin goes into a battle-frenzy!
The hobgoblin closely misses you. The goblin hits you with a +0 dagger.
The goblin hits you with a +0 club. The hobgoblin misses you.
The goblin hits you with a +0 dagger of protection.
You shoot an arrow. The arrow barely misses the hobgoblin.
The hobgoblin closely misses you. The goblin completely misses you.
The goblin hits you but does no damage. The hobgoblin barely misses you.
The goblin hits you with a +0 dagger of protection.
You shoot an arrow. The arrow closely misses the hobgoblin.
The hobgoblin no longer looks unusually strong.
The goblin no longer looks unusually strong.
Robin roars a battlecry!
The goblins go into a battle-frenzy!
The goblin closely misses you. The hobgoblin hits you.
The goblin hits you with a +0 dagger. The hobgoblin hits you.
The goblin closely misses you.
2089 ||| READING scroll of teleportation.
As you read the scroll of teleportation, it crumbles to dust.
You feel strangely unstable. The goblin barely misses you.
The hobgoblin hits you. The goblin hits you with a +0 dagger.
You die...

##~~~..#...#..#
#~~#########..#...#
#~~#..........#...#
...'..........#...#
...)..........#...#
...)......%...#.).#
#~~#..........#gg.#
#~~#########..##gg#
##~~ #...#...g@g#
#~~~ +...'...g..#
##~~. #...#......#
####### ########


You could see Robin, 3 hobgoblins and 3 goblins.

Vanquished Creatures
  A scorpion (D:4)
  An adder (D:3)
  2 dart slugs
  An orc (D:3)
  10 ball pythons
  4 endoplasms
  11 goblins
  7 hobgoblins
  3 jackals (D:3)
  A quokka (D:2)
  4 bats
  2 frilled lizards
  5 kobolds
  7 rats
59 creatures vanquished.

Notes
Turn   | Place    | Note
-------+----------+-------------------------------------------
     0 | D:1      | qw the Deep Elf Hunter began the quest for the Orb.
     0 | D:1      | Reached XP level 1. HP: 12/12 MP: 3/3
     0 | D:1      | 0 ||| qw: Version: 0.3-a-22-g0ed2b0b
     0 | D:1      | 0 ||| qw: Game counter: 5615
     0 | D:1      | 0 ||| qw: Melee chars always use a shield: true
     0 | D:1      | 0 ||| qw: God list: Okawaru
     0 | D:1      | 0 ||| qw: Allow faded altars: false
     0 | D:1      | 0 ||| qw: Do Orc after clearing Dungeon:15 true
     0 | D:1      | 0 ||| qw: Do second Lair branch before Depths: true
     0 | D:1      | 0 ||| qw: Lair rune preference: random
     0 | D:1      | 0 ||| qw: Goals: Normal
     0 | D:1      | 0 ||| PLANNING D:1-11
   206 | D:1      | Reached XP level 2. HP: 16/16 MP: 4/4
   239 | D:1      | Reached skill level 6 in Ranged Weapons
   759 | D:1      | 759 ||| UPGRADING to +0 ring mail.
   769 | D:1      | 769 ||| DROPPING +0 leather armour.
   770 | D:1      | 770 ||| DROPPING ring of wizardry.
   771 | D:1      | 771 ||| READING 2 scrolls labelled KOVOTO POLL.
   772 | D:1      | 772 ||| READING 2 scrolls labelled TYNACY IRCHA.
   773 | D:1      | 773 ||| READING 2 scrolls labelled JEXKYE OSYNUFE.
   774 | D:1      | 774 ||| READING scroll labelled MYNAZA MEGGIHU.
   775 | D:1      | 775 ||| READING scroll labelled QOMNUS TOES.
   779 | D:1      | 779 ||| DROPPING scroll of revelation.
   780 | D:1      | 780 ||| DROPPING scroll of butterflies.
   781 | D:1      | 781 ||| DROPPING scroll of amnesia.
   819 | D:2      | 819 ||| FLEEEEING.
   836 | D:2      | Reached XP level 3. HP: 15/20 MP: 5/5
  1306 | D:2      | You fall into a shaft and drop 2 floors!
  1452 | D:4      | 1452 ||| UPGRADING to amulet of guardian spirit.
  1457 | D:4      | 1457 ||| DROPPING amulet of magic regeneration.
  1458 | D:4      | 1458 ||| READING scroll labelled AJEMNA SYUHU.
  1459 | D:4      | 1459 ||| READING scroll labelled NUNASU ZIUBOG.
  1462 | D:4      | Noticed a scorpion
  1473 | D:4      | Killed a scorpion
  1474 | D:4      | Reached skill level 7 in Ranged Weapons
  1474 | D:4      | Reached XP level 4. HP: 8/25 MP: 1/6
  1550 | D:3      | 1550 ||| FLEEEEING.
  1551 | D:3      | 1551 ||| FLEEEEING.
  1552 | D:3      | 1552 ||| FLEEEEING.
  1561 | D:3      | 1561 ||| STAIRDANCE
  1769 | D:2      | 1769 ||| DRINKING 2 glowing coppery potions.
  1770 | D:2      | 1770 ||| DROPPING potion of brilliance.
  1851 | D:3      | Reached skill level 8 in Ranged Weapons
  2022 | D:3      | 2022 ||| FLEEEEING.
  2023 | D:3      | 2023 ||| FLEEEEING.
  2074 | D:3      | Noticed Robin
  2088 | D:3      | HP: 6/25 [goblin/+0 dagger[Robin] (1)]
  2089 | D:3      | 2089 ||| READING scroll of teleportation.
  2089 | D:3      | HP: 2/25 [hobgoblin[Robin] (2)]
  2089 | D:3      | Slain by a goblin

Levels and vault maps discovered:
D:1:      reono_arrival_forest_river, layout_basic, minmay_tetromino_l2
D:2:      layout_loops_cross
D:3:      kennysheep_goblin_castle, layout_basic, grunt_temple_overflow_open,
          minitemple, corner_web_ring, minivault_19,
          hellmonk_guarded_unrand_hermit
D:4:      layout_cave_pods, eino_tiny_chamber

Skill      XL: |  1  2  3  4 |
---------------+-------------+-----
Ranged Weapons | 6 7 8 |  8.3
Fighting       | |  1.5
Dodging        | |  2.4
Stealth        | |  1.2

Action                     |  1- 3 |  4- 6 || total
---------------------------+-------+-------++-------
   Fire: Shortbow          |    93 |    50 ||   143
    Use: Scroll            |     7 |     1 ||     8
         Potion            |       |     1 ||     1
 Armour: Leather armour    |     3 |       ||     3
         Ring mail         |     9 |    20 ||    29
  Dodge: Dodged            |    13 |    30 ||    43

Table legend:
 A = Non-vault XP
 B = Vault XP
 C = Vault XP percentage of total XP
 D = Non-vault monster count
 E = Vault monster count
 F = Vault count percentage of total count
                 A         B        C        D         E       F
            +---------+---------+-------+---------+---------+-------
      Total |     165 |      26 |  13.6 |      45 |      14 |  23.7
            +---------+---------+-------+---------+---------+-------
        D:1 |      29 |       3 |   9.4 |      19 |       2 |   9.5
        D:2 |      23 |       0 |   0.0 |      13 |       0 |   0.0
        D:3 |      29 |      23 |  44.2 |      10 |      12 |  54.5
        D:4 |      84 |       0 |   0.0 |       3 |       0 |   0.0
            +---------+---------+-------+---------+---------+-------
